 Dungeon Sprint DCSS version 0.19.1-1-g22dce08 (webtiles) character file.

4674 Ponchio the Eclecticist (level 10, 0/49 (50) HPs)
             Began as a Deep Elf Fire Elementalist on Jan 3, 2017.
             Was the Champion of Vehumet.
             Engulfed by a cloud of foul pestilence (3 damage)
             ... in the Dungeon (Sprint V: "Ziggurat Sprint").
             The game lasted 00:26:25 (818 turns).

Ponchio the Eclecticist (Deep Elf Fire Elementalist) Turns: 818, Time: 00:26:25

HP:   0/49 (50)     AC:  3    Str:  5    XL:     10   Next: 21%
MP:   23/38         EV: 23    Int: 30    God:    Vehumet [******]
Gold: 0             SH:  0    Dex: 21    Spells: 4 memorised, 23 levels left

rFire  . . .     SeeInvis .     I - +6 Majin-Bo {vamp, Archmagi MP+6 Int+6}
rCold  . . .     Gourm    .     a - +0 robe
rNeg   + . .     Faith    .     (shield currently unavailable)
rPois  .         Spirit   .     (no helmet)
rElec  .         Reflect  .     (no cloak)
rCorr  .         Harm     .     (no gloves)
MR     ++...     NoTele   +     M - +0 pair of boots {Fly}
Stlth  ++........               (no amulet)
                                y - +6 ring of dexterity
                                N - ring of Ebefofro {rN+ MR+}

@: lethally poisoned (0 -> -13), very slightly contaminated, non-regenerating,
diseased, slowed, studying Long Blades, very slow
A: no striking features
a: Renounce Religion, Evoke Flight


You were in the Dungeon.
You worshipped Vehumet.
Vehumet was exalted by your worship.
You were full.

You visited 1 branch

Inventory:

Hand Weapons
 I - the +6 Majin-Bo (weapon) {vamp, Archmagi MP+6 Int+6}
   (You found it in the Dungeon)

   It inflicts no extra harm, but heals its wielder when it wounds a living foe.
   It affects your intelligence (+6).
   It affects your magic capacity (+6).
Armour
 a - a +0 robe (worn)
 L - the +3 scale mail of Axoevuth {rCorr Str-4 SInv}
   (You found it in the Dungeon)

   It affects your strength (-4).
   It lets you see invisible.
   It protects you from acid and corrosion.
 M - a +0 pair of boots of flying (worn)
 O - the +1 ring mail of Allism {*Slow Dex+2 SInv}
   (You found it in the Dungeon)

   It affects your dexterity (+2).
   It lets you see invisible.
   It may slow you when you take damage.
Jewellery
 y - a +6 ring of dexterity (right hand)
 z - a +6 ring of dexterity
 A - a +6 ring of intelligence
 B - a +6 ring of intelligence
 N - the ring of Ebefofro (left hand) {rN+ MR+}
   (You found it in the Dungeon)

   [ring of positive energy]

   It protects you from negative energy.
   It affects your resistance to hostile enchantments.
Wands
 E - a wand of disintegration (5/24)
 F - a wand of iceblast (1/15)
 G - a wand of lightning (2/15)
 H - a wand of acid (0/15)
Scrolls
 i - 3 scrolls of blinking
 p - 4 scrolls of amnesia
 q - 3 scrolls of recharging
 r - 7 scrolls of fog
 s - a scroll of holy word
 t - 5 scrolls of identify
 u - 5 scrolls of remove curse
 v - 2 scrolls of fear
Potions
 d - 7 potions of curing
 e - 8 potions of heal wounds
 f - 5 potions of haste
 g - 7 potions of magic
 h - 3 potions of berserk rage
 j - 2 potions of brilliance
 k - 2 potions of invisibility
 l - 4 potions of resistance
 n - 5 potions of agility
 o - 5 potions of might
Books
 b - a book of Flames

   Spells                             Type                      Level
   a - Flame Tongue                   Conjuration/Fire             1
   b - Throw Flame                    Conjuration/Fire             2
   c - Conjure Flame                  Conjuration/Fire             3
   d - Inner Flame                    Hexes/Fire                   3
   e - Sticky Flame                   Conjuration/Fire             4
   f - Fireball                       Conjuration/Fire             5
 m - a book of Beasts

   Spells                             Type                      Level
   a - Summon Butterflies             Summoning                    1
   b - Call Canine Familiar           Summoning                    3
   c - Summon Ice Beast               Ice/Summoning                4
   d - Summon Mana Viper              Hexes/Summoning              5
   e - Summon Hydra                   Summoning                    7
 C - a manual of Long Blades
 D - the Guide on the Shifting Rocks
   (You found it in the Dungeon)

   Spells                             Type                      Level
   a - Irradiate                      Conjuration/Transmutation    5
   b - Statue Form                    Transmutation/Earth          6
   c - Shatter                        Earth                        9
 K - a book of Battle

   Spells                             Type                      Level
   a - Infusion                       Charms                       1
   b - Shroud of Golubria             Charms/Translocation         2
   c - Song of Slaying                Charms                       2
   d - Spectral Weapon                Hexes/Charms                 3
   e - Regeneration                   Charms/Necromancy            3
 P - a book of Power

   Spells                             Type                      Level
   a - Fulminant Prism                Conjuration/Hexes            4
   b - Iskenderun's Mystic Blast      Conjuration                  4
   c - Venom Bolt                     Conjuration/Poison           5
   d - Bolt of Magma                  Conjuration/Fire/Earth       5
   e - Iron Shot                      Conjuration/Earth            6
   f - Orb of Destruction             Conjuration                  7
   g - Spellforged Servitor           Conjuration/Summoning        7
Miscellaneous
 J - a phial of floods
Comestibles
 c - 5 bread rations
 w - 32 fruits
 x - 4 meat rations


   Skills:
 + Level 12.1 Dodging
 - Level 2.4 Stealth
 + Level 16.5 Spellcasting
 + Level 14.0 Conjurations
 - Level 10.8 Fire Magic
 - Level 8.0 Evocations


You had 23 spell levels left.
You knew the following spells:

 Your Spells              Type           Power        Failure   Level  Hunger
a - Flame Tongue          Conj/Fire      #####        0%          1    None
b - Fireball              Conj/Fire      #######...   1%          5    None
c - Iron Shot             Conj/Erth      #######...   4%          6    ##.....
d - Orb of Destruction    Conj           ########..   1%          7    #####..


Dungeon Overview and Level Annotations

Branches:
Dungeon (1/1)

Altars:
Ashenzari
Cheibriados
Dithmenos
Elyvilon
Fedhas
Gozag
Hepliaklqana
Kikubaaqudgha
Makhleb
Nemelex Xobeh
Okawaru
Qazlal
Ru
Sif Muna
Trog
Uskayaw
Vehumet
Xom
Yredelemnul
Zin
The Shining One
Beogh
Jiyva
Lugonu


Message History

You feel better.
The ushabti shakes and rattles.
The vile air hits you!
* * * LOW HITPOINT WARNING * * *
Casting: Iron Shot
Confirm with . or Enter, or press ? or * to list all spells.
Aiming: Fireball
Press: ? - help, Shift-Dir - straight line, f/p - ushabti
Aim: an ushabti (foul pestilence, almost destroyed)
You feel a surge of power!
The fireball explodes!
The fireball engulfs the ushabti.
The ushabti resists.
You destroy the ushabti!
Vehumet accepts your kill.
You feel your power returning.
* * * LOW HITPOINT WARNING * * *
You are engulfed in dark miasma.
You are lethally poisoned!
You feel your flesh rotting away!
You feel ill.
You die...

▓..):)..▓
▓..)}[..▓
▓.......▓
▓.......▓
▓...§...▓
...§...
▓.▓.§.▓.▓
▓...@...▓
▓▓▓▓▓▓▓▓▓


There were no monsters in sight!

Vanquished Creatures
  An unseen horror (shapeshifter) (D)
  An ugly thing (D)
  4 draconians (D)
  A naga mage (D)
  2 guardian mummies (D)
  A troll (D)
  A two-headed ogre (D)
  A two-headed ogre (shapeshifter) (D)
  An ushabti (D)
  2 nagas (D)
  A naga (shapeshifter) (D)
  A water moccasin (D)
  A porcupine (D)
  2 ogres (D)
  2 mummies (D)
  4 adders (D)
  A river rat (D)
  An adder skeleton (D)
  A worm (shapeshifter) (D)
  A ball python (D)
30 creatures vanquished.

Vanquished Creatures (others)
  2 spatial maelstroms (D)
  Sigmund (D)
3 creatures vanquished.

Grand Total: 33 creatures vanquished

Notes
Turn   | Place    | Note
-------+----------+-------------------------------------------
     0 | D        | Ponchio the Deep Elf Fire Elementalist began the quest for the Orb.
     0 | D        | Reached XP level 1. HP: 10/10 MP: 6/6
     0 | D        | Found a deep blue altar of Sif Muna.
     0 | D        | Found a bloodstained altar of Trog.
     0 | D        | Found a sacrificial altar of Ru.
     0 | D        | Found a stormy altar of Qazlal.
     0 | D        | Found an iron altar of Okawaru.
     1 | D        | Found a sparkling altar of Nemelex Xobeh.
     1 | D        | Found a blossoming altar of Fedhas.
     3 | D        | Found an ancient bone altar of Kikubaaqudgha.
     3 | D        | Found a viscous altar of Jiyva.
     3 | D        | Found a corrupted altar of Lugonu.
     3 | D        | Found a hazy altar of Hepliaklqana.
     3 | D        | Found a burning altar of Makhleb.
     3 | D        | Found an opulent altar of Gozag.
     6 | D        | Banished a spatial maelstrom
     9 | D        | Banished a spatial maelstrom
     9 | D        | Killed Sigmund
    22 | D        | Reached XP level 2. HP: 15/15 MP: 7/9
    50 | D        | Became a worshipper of Vehumet
   122 | D        | Entered arena 1.
   122 | D        | Noticed a porcupine
   123 | D        | Killed a porcupine
   123 | D        | Reached skill level 7 in Spellcasting
   123 | D        | Reached skill level 5 in Conjurations
   123 | D        | Reached XP level 3. HP: 19/19 MP: 13/13
   123 | D        | Reached XP level 4. HP: 24/24 MP: 15/15
   184 | D        | Entered arena 2.
   184 | D        | Noticed a water moccasin
   185 | D        | Reached * piety under Vehumet
   185 | D        | Offered knowledge of Freeze by Vehumet.
   185 | D        | Reached skill level 8 in Spellcasting
   188 | D        | Killed a water moccasin
   188 | D        | Reached skill level 10 in Spellcasting
   188 | D        | Reached XP level 5. HP: 28/28 MP: 19/19
   222 | D        | Learned a level 5 spell: Fireball
   233 | D        | Entered arena 3.
   233 | D        | Noticed a draconian
   233 | D        | Noticed a draconian
   233 | D        | Noticed a draconian
   233 | D        | Noticed a draconian
   239 | D        | Killed a draconian
   239 | D        | Reached ** piety under Vehumet
   239 | D        | Reached skill level 12 in Spellcasting
   239 | D        | Reached skill level 10 in Conjurations
   239 | D        | Reached XP level 6. HP: 15/32 MP: 13/23
   239 | D        | Reached XP level 7. HP: 17/36 MP: 13/25
   239 | D        | Killed a draconian
   239 | D        | Reached skill level 14 in Spellcasting
   241 | D        | Killed a draconian
   241 | D        | Reached skill level 15 in Spellcasting
   241 | D        | Reached XP level 8. HP: 20/41 MP: 10/29
   244 | D        | Killed a draconian
   244 | D        | Reached skill level 16 in Spellcasting
   372 | D        | Entered arena 4.
   372 | D        | Noticed a troll
   372 | D        | Noticed a two-headed ogre
   373 | D        | Offered knowledge of Sandblast by Vehumet.
   373 | D        | Reached *** piety under Vehumet
   374 | D        | Killed a two-headed ogre
   374 | D        | Reached skill level 5 in Dodging
   374 | D        | Reached skill level 5 in Fire Magic
   374 | D        | Reached XP level 9. HP: 40/45 MP: 28/31
   374 | D        | Killed a troll
   410 | D        | Identified the Guide on the Shifting Rocks (You found it in the Dungeon)
   419 | D        | Got the +3 scale mail of Axoevuth {rCorr Str-4 SInv}
   440 | D        | Entered arena 5.
   440 | D        | Noticed a brown ugly thing
   441 | D        | Reached **** piety under Vehumet
   443 | D        | Killed a brown ugly thing
   454 | D        | Killed an unseen horror
   454 | D        | Reached skill level 10 in Dodging
   696 | D        | Entered arena 6.
   696 | D        | Noticed a naga mage
   697 | D        | Offered knowledge of Mephitic Cloud by Vehumet.
   697 | D        | Reached ***** piety under Vehumet
   697 | D        | Reached skill level 10 in Fire Magic
   698 | D        | Killed a naga mage
   698 | D        | Reached XP level 10. HP: 44/50 MP: 32/32
   706 | D        | Got the ring of Ebefofro {rN+ MR+}
   709 | D        | Got the +1 ring mail of Allism {*Slow Dex+2 SInv}
   725 | D        | Learned a level 6 spell: Iron Shot
   733 | D        | Learned a level 7 spell: Orb of Destruction
   810 | D        | Entered arena 7.
   813 | D        | Reached ****** piety under Vehumet
   818 | D        | Engulfed by a cloud of foul pestilence

Skill      XL: |  1  2  3  4  5  6  7  8  9 10 |
---------------+-------------------------------+-----
Evocations     | 8 |  8.0
Spellcasting   | 7 10 12 15 16 | 16.5
Conjurations   | 5 7 10 12 13 14 | 14.0
Dodging        | 5 11 12 | 12.1
Fire Magic     | 5 10 | 10.8
Stealth        | |  2.4

Action                   |  1- 3 |  4- 6 |  7- 9 | 10-12 || total
-------------------------+-------+-------+-------+-------++-------
 Cast: Fireball          |       |     2 |     8 |     6 ||    16
 Abil: Stop Flying       |       |       |     1 |       ||     1
Evoke: Wand              |       |     5 |     9 |       ||    14
  Use: Potion            |     1 |     1 |     2 |     3 ||     7
       Scroll            |       |     1 |       |       ||     1
  Eat: Fruit             |     3 |       |       |     7 ||    10
       Chunk             |       |       |     1 |       ||     1
Armor: Plate armour      |       |     1 |       |       ||     1
Dodge: Dodged            |       |       |     7 |       ||     7
